[Event "Titled Tuesday Blitz December 06 Late 2022"]
[White "Quesada Perez, Yuniesky"]
[Black "Harshavardhan G B"]
[WhiteFideId "3504409"]
[BlackFideId "25059009"]
[WhiteElo "2600"]
[BlackElo "2323"]
[Result "1-0"]
[Round "11"]
[TimeControl "180+1"]
[Date "2022.12.06"]
[WhiteClock "0:00:20"]
[BlackClock "0:00:11"]

1. e4 e5 2. Nf3 Nc6 3. Bc4 Nf6 4. d3 Be7 5. O-O O-O 6. a4 d6 7. Re1 Kh8 8. Nc3 Bg4 9. h3 Bh5 10. Be3 Nb4 11. Bb3 c5 12. g4 Nxg4 13. hxg4 Bxg4 14. Kg2 f5 15. Be6 g6 16. Rh1 h5 17. exf5 gxf5 18. Qd2 Rf6 19. Ng5 Qe8 20. f3 Qc6 21. Nce4 fxe4 22. Bxg4 exf3+ 23. Bxf3 Rxf3 24. Rxh5+ Kg8 25. Nxf3 Rf8 26. Rf1 e4 27. dxe4 Qxe4 28. Rh3 Nxc2 29. Rg3+ Kf7 30. Bh6 Rh8 31. Rf2 Nd4 32. Kg1 Nf5 33. Ng5+ Bxg5 34. Qxg5 Qb1+ 35. Rf1 Qxf1+ 36. Kxf1 Nxg3+ 37. Ke1 Re8+ 38. Kd1 Ne4 39. Qf5+ Nf6 40. Bg5 Re6 41. Bxf6 Rxf6 42. Qd7+ Kg6 43. Qxb7 a5 44. Qb5 Rf4 45. Qxa5 Rb4 46. Kc2 Kf5 47. Qa8 Ke5 48. a5 Ra4 49. a6 Kd4 50. a7 d5 51. Qb7 c4 52. a8=Q Rxa8 53. Qxa8 Kc5 54. Qa7+ Kb4 55. Qa3+ Kb5 56. Kc3 d4+ 57. Kxd4 c3 58. bxc3 Kc6 59. c4 Kd7 60. Qa6 Ke8 61. Qb7 Kf8 62. Kd5 Kg8 63. Ke6 Kf8 64. Qf7# 1-0


[Site "https://www.chess.com"]

[Event "Titled Tuesday Blitz December 06 Late 2022"]
[White "Quinones Garcia, Santiago"]
[Black "Simonovic, Miroslav"]
[WhiteFideId "4408497"]
[BlackFideId "919152"]
[WhiteElo "2249"]
[BlackElo "2057"]
[Result "1-0"]
[Round "11"]
[TimeControl "180+1"]
[Date "2022.12.07"]
[WhiteClock "0:00:17"]
[BlackClock "0:00:01"]

1. e4 c5 2. Nf3 Nc6 3. d4 cxd4 4. Nxd4 a6 5. c4 e5 6. Nc2 Nf6 7. Nc3 Be7 8. Be2 O-O 9. O-O d6 10. Bg5 h6 11. Bh4 g5 12. Bg3 Kg7 13. b3 Be6 14. Qd2 Nd7 15. Rad1 f5 16. exf5 Bxf5 17. Nd5 Bxc2 18. Qxc2 Nd4 19. Rxd4 exd4 20. Bh5 Rf6 21. Nxf6 Nxf6 22. Qg6+ Kh8 23. Qxh6+ Nh7 24. Re1 Qf8 25. Qe6 Bf6 26. Bxd6 Qg7 27. Bf3 Rd8 28. Bxb7 Qxb7 29. c5 Qd7 30. Qd5 Kg7 31. Re6 d3 32. c6 Qxe6 33. Qxe6 d2 34. Qd5 Be7 35. Qd4+ Kf7 36. Qxd2 Bxd6 37. Qc2 Nf6 38. h3 Rc8 39. Qc4+ Ke7 40. Qxa6 Rc7 41. Qc4 Ne8 42. b4 Bf4 43. b5 Nd6 44. Qe2+ Kf6 45. g3 Re7 46. Qb2+ Be5 47. Qb3 Nf5 48. b6 Nxg3 49. fxg3 Bd4+ 50. Kg2 Re2+ 51. Kf3 Rf2+ 52. Ke4 Bxb6 53. Qxb6 Rxa2 54. c7+ Kg7 55. Qd4+ 1-0


[Site "https://www.chess.com"]

[Event "Titled Tuesday Blitz December 06 Late 2022"]
[White "Reprintsev, Alexander"]
[Black "Ankerst, Mihael"]
[WhiteFideId "14100541"]
[BlackFideId "14602369"]
[WhiteElo "2230"]
[BlackElo "2385"]
[Result "1/2-1/2"]
[Round "11"]
[TimeControl "180+1"]
[Date "2022.12.07"]
[WhiteClock "0:00:11"]
[BlackClock "0:00:25"]

1. e4 c5 2. b3 Nc6 3. Bb2 e6 4. Qe2 d5 5. exd5 Qxd5 6. Nc3 Qd8 7. O-O-O Nf6 8. Nf3 Be7 9. d4 O-O 10. dxc5 Qa5 11. Qb5 Bxc5 12. Qxa5 Nxa5 13. Rd2 Bd7 14. Ne5 Be8 15. Nd3 Be7 16. Be2 Rd8 17. Bf3 Nc6 18. Rhd1 h6 19. Kb1 Bd7 20. Ne4 Bc8 21. Nxf6+ Bxf6 22. Bxf6 gxf6 23. Bxc6 bxc6 24. Nc5 Rd5 25. Rxd5 cxd5 26. c4 dxc4 27. bxc4 e5 28. Kb2 Re8 29. Kc3 Kg7 30. f3 Re7 31. Rd6 Rc7 32. Nd3 Be6 33. Nb2 f5 34. a4 Bc8 35. a5 h5 36. h4 Be6 37. a6 f4 38. Kb4 Kf6 39. c5 Ke7 40. Nd3 f6 41. Nf2 Bf5 42. Kb5 Rc8 43. Rd2 Bd7+ 44. Kc4 Rb8 45. Ne4 Bb5+ 46. Kc3 Bc6 47. Nd6 Ke6 48. Rb2 Rxb2 49. Kxb2 Kd5 50. Nb7 f5 51. Kc3 e4 52. Kd2 Kc4 53. Ke2 Kb5 54. Nd8 Kxc5 55. Ne6+ Kb6 56. Nxf4 Kxa6 57. Nxh5 Kb5 58. Ng7 a5 59. h5 a4 60. h6 a3 61. h7 a2 62. h8=Q exf3+ 63. gxf3 a1=Q 64. Qb8+ Kc4 65. Qf4+ Qd4 66. Qxd4+ Kxd4 67. Nxf5+ Ke5 68. Ne3 Kf4 69. Kf2 Bb5 70. Nf1 Bc6 71. Ng3 Kg5 72. Ne2 Kf6 73. Ke3 Bd7 74. Nd4 Bc8 75. Kf4 Kf7 76. Ne2 Kf8 77. Ng3 Kg8 78. Ne4 Kf8 79. Ke5 Bb7 80. f4 Ba8 81. Nd6 Bg2 82. f5 Bh3 83. f6 Bd7 84. Ne4 Kf7 85. Ng5+ Kg6 86. Kd6 Be8 87. f7 Bxf7 1/2-1/2


[Site "https://www.chess.com"]

[Event "Titled Tuesday Blitz December 06 Late 2022"]
[White "Rian, Kapriaga"]
[Black "Figorito, Nick"]
[WhiteFideId "7103263"]
[BlackFideId "30923689"]
[WhiteElo "2252"]
[BlackElo "2381"]
[Result "1-0"]
[Round "11"]
[TimeControl "180+1"]
[Date "2022.12.07"]
[WhiteClock "0:00:09"]
[BlackClock "0:00:27"]

1. d4 Nf6 2. Nf3 g6 3. Bg5 Bg7 4. Nbd2 d5 5. e3 Nbd7 6. c4 c6 7. Be2 O-O 8. cxd5 cxd5 9. O-O e6 10. Qb3 Qb6 11. Rfc1 Qxb3 12. Nxb3 Ne4 13. Bf4 Ndf6 14. Rc7 Ne8 15. Rc2 Bd7 16. Rac1 Ba4 17. Bd3 Bxb3 18. axb3 N8f6 19. Rc7 b6 20. h3 Rfd8 21. Ne5 Nd6 22. Nc6 Nde8 23. Nxd8 Nxc7 24. Bxc7 Ne8 25. Nc6 Bf8 26. Be5 f6 27. Bg3 Kf7 28. Ba6 Nd6 29. f3 Nf5 30. Bf2 Bd6 31. g4 Ng7 32. Kg2 h5 33. Bg3 Bxg3 34. Kxg3 g5 35. Nb4 h4+ 36. Kg2 Ne8 37. Kf2 Ke7 38. e4 dxe4 39. fxe4 Kd6 40. Ke3 Nc7 41. Rc6+ Kd7 42. Rc1 Re8 43. Rf1 Rf8 44. Bd3 a5 45. Nc2 Ke7 46. Na3 Rb8 47. Nb1 b5 48. Nc3 b4 49. Na4 Rd8 50. Nc5 Ne8 51. Ra1 Ra8 52. Bc4 Nc7 53. Nb7 a4 54. Rxa4 Rb8 55. Na5 Ne8 56. Nc6+ Kd6 57. Nxb8 Nc7 58. Na6 Ke7 59. Nxc7 Kd6 60. Rxb4 Ke7 61. Rb6 Kd7 62. Rxe6 Kxc7 63. Rxf6 Kd7 64. Rf5 Kc7 65. Rxg5 Kd7 66. Rh5 Kc7 67. Rxh4 Kd7 68. Rh5 Kc7 69. Rf5 Kd7 70. h4 Kc7 71. h5 Kd7 72. h6 Kc7 73. h7 Kd7 74. h8=Q Kc7 75. Qh7+ Kd6 76. Qg6+ Ke7 77. Rf7+ Ke8 78. Qg8# 1-0


[Site "https://www.chess.com"]

[Event "Titled Tuesday Blitz December 06 Late 2022"]
[White "Rorrer, Grayson"]
[Black "Bogaudinov, Rushan"]
[WhiteFideId "30944996"]
[BlackFideId "4129288"]
[WhiteElo "2200"]
[BlackElo "2028"]
[Result "1-0"]
[Round "11"]
[TimeControl "180+1"]
[Date "2022.12.07"]
[WhiteClock "0:02:02"]
[BlackClock "0:00:39"]

1. Nf3 Nf6 2. c4 b6 3. g3 Bb7 4. Bg2 e6 5. O-O c5 6. Nc3 d5 7. cxd5 Nxd5 8. Qc2 Be7 9. a3 O-O 10. Rd1 Nd7 11. e4 Nxc3 12. bxc3 Qc7 13. d3 Rfd8 14. Qe2 b5 15. d4 cxd4 16. cxd4 a5 17. Bf4 Qb6 18. d5 exd5 19. exd5 Bf6 20. Rab1 Ba6 21. Be3 Qb8 22. Nd4 Ne5 23. Nxb5 Qc8 24. a4 Rb8 25. Qe1 Nc4 26. Rdc1 Bxb5 27. axb5 a4 28. Bf1 Nxe3 29. Rxc8 Rdxc8 30. Qxe3 Ra8 31. b6 Rcb8 32. b7 Ra5 33. Qf4 1-0


[Site "https://www.chess.com"]

[Event "Titled Tuesday Blitz December 06 Late 2022"]
[White "Rosen, Eric"]
[Black "Papp, Levente"]
[WhiteFideId "2032562"]
[BlackFideId "751243"]
[WhiteElo "2362"]
[BlackElo "2380"]
[Result "0-1"]
[Round "11"]
[TimeControl "180+1"]
[Date "2022.12.06"]
[WhiteClock "0:00:01"]
[BlackClock "0:00:09"]

1. d4 e6 2. Bf4 c5 3. e3 Qb6 4. Na3 cxd4 5. Nb5 Na6 6. exd4 Nf6 7. Nf3 Nd5 8. Bg3 Nac7 9. Nxc7+ Nxc7 10. Bd3 Nd5 11. Rb1 Qa5+ 12. c3 Be7 13. a3 O-O 14. O-O Nf6 15. Re1 d6 16. Qe2 b6 17. b4 Qh5 18. Nd2 Qxe2 19. Rxe2 d5 20. f3 Bb7 21. Rc1 Rfc8 22. Nb3 Ne8 23. Rec2 Nd6 24. Nd2 Rc6 25. Kf2 Rac8 26. Ke2 a6 27. a4 b5 28. Nb3 Nc4 29. Ra2 bxa4 30. Nc5 Bxc5 31. bxc5 a5 32. Bxc4 dxc4 33. Rxa4 Ra6 34. Rxc4 a4 35. Rb4 Bc6 36. Ra1 a3 37. Kd2 a2 38. Kc2 Rca8 39. Kb2 h6 40. c4 Ra3 41. Rb3 R3a4 42. Kc3 Kh7 43. Bd6 Kg6 44. Rb6 Be8 45. f4 Ra3+ 46. Rb3 R3a4 47. h3 h5 48. g4 hxg4 49. hxg4 f5 50. g5 Kh5 51. Be5 Kg4 52. Rb2 Bc6 53. Rb6 Be4 54. Kb2 Rxc4 55. Rxa2 Rc2+ 56. Kb3 Raxa2 57. d5 Bxd5+ 58. Kb4 Rcb2+ 59. Bxb2 Rxb2+ 60. Kc3 Ra2 61. Kd4 Re2 62. c6 Bxc6 63. Rxc6 Kxf4 64. Rc7 g6 65. Kd3 Re4 66. Rc1 Kxg5 67. Rg1+ Kf6 68. Rf1 g5 69. Rh1 g4 70. Rh6+ Ke5 71. Rg6 Kf4 72. Kd2 g3 73. Kd3 Kf3 74. Kc3 g2 75. Kb3 Rg4 76. Rxe6 g1=Q 77. Rc6 Qb1+ 78. Kc3 Qb4+ 79. Kc2 Rg2+ 0-1


[Site "https://www.chess.com"]

[Event "Titled Tuesday Blitz December 06 Late 2022"]
[White "Rosenthal, Nicholas"]
[Black "Eljanov, Pavel"]
[WhiteFideId "2045150"]
[BlackFideId "14102951"]
[WhiteElo "2182"]
[BlackElo "2598"]
[Result "0-1"]
[Round "11"]
[TimeControl "180+1"]
[Date "2022.12.06"]
[WhiteClock "0:01:02"]
[BlackClock "0:01:18"]

1. e4 c6 2. d4 d5 3. e5 Bf5 4. g4 Be4 5. f3 Bg6 6. h4 h5 7. Ne2 e6 8. g5 Ne7 9. Nf4 Bf5 10. Nc3 c5 11. Nce2 Nbc6 12. c3 Ng6 13. Be3 Nxf4 14. Nxf4 cxd4 15. cxd4 g6 16. Kf2 Qb6 17. b3 Ba3 18. Bd3 Ne7 19. Qe2 O-O 20. Rab1 Rac8 21. Rhd1 Rc3 22. Rd2 Rfc8 23. Rbd1 Bc1 24. Bxf5 Nxf5 25. Rxc1 Rxc1 26. Nd3 R1c3 27. Bf4 0-1


[Site "https://www.chess.com"]

[Event "Titled Tuesday Blitz December 06 Late 2022"]
[White "Rustemov, Alexander"]
[Black "Popilski, Gil"]
[WhiteFideId "4119002"]
[BlackFideId "2809060"]
[WhiteElo "2788"]
[BlackElo "2537"]
[Result "1-0"]
[Round "11"]
[TimeControl "180+1"]
[Date "2022.12.06"]
[WhiteClock "0:00:05"]
[BlackClock "0:00:10"]

1. d4 Nf6 2. c4 g6 3. Nf3 Bg7 4. g3 c6 5. b3 a5 6. Nc3 d5 7. Bg2 a4 8. O-O axb3 9. Qxb3 dxc4 10. Qxc4 O-O 11. a4 b5 12. Qb3 Be6 13. Qb2 Bc4 14. Ne5 Qxd4 15. Nxc6 Nxc6 16. Bxc6 b4 17. Qxb4 Rab8 18. Bb5 Nd5 19. Nxd5 Bxb5 20. Nxe7+ Kh8 21. Qxd4 Bxd4 22. Ra2 Bc4 23. Rc2 Bb3 24. Bb2 Bxc2 25. Bxd4+ f6 26. a5 Be4 27. f3 Ba8 28. e4 Kg7 29. Rc1 Rfe8 30. Rc7 Rb7 31. Nd5+ Rxc7 32. Nxc7 Rc8 33. Bb6 Bb7 34. Kf2 Kf7 35. Ke3 Rd8 36. f4 Rd7 37. e5 fxe5 38. fxe5 Rd1 39. a6 Bxa6 40. Nxa6 Rh1 41. Nc7 Rxh2 42. e6+ Kf6 43. Bd4+ Ke7 44. Bc5+ Kf6 45. e7 Rh1 46. Ke2 Rh5 47. e8=Q Re5+ 48. Qxe5+ Kxe5 49. Be3 Kf5 50. Nd5 h5 51. Kf2 g5 52. Ne7+ Kg4 53. Bxg5 Kxg5 54. Kf3 h4 55. g4 h3 56. Nf5 h2 57. Ng3 Kh4 58. Nh1 Kg5 59. Kg3 Kg6 60. Kxh2 Kh6 61. Kg3 1-0


[Site "https://www.chess.com"]

[Event "Titled Tuesday Blitz December 06 Late 2022"]
[White "Santos Flores, Alberto"]
[Black "Souleidis, Georgios"]
[WhiteFideId "3601234"]
[BlackFideId "4206827"]
[WhiteElo "2235"]
[BlackElo "2401"]
[Result "0-1"]
[Round "11"]
[TimeControl "180+1"]
[Date "2022.12.07"]
[WhiteClock "0:00:02"]
[BlackClock "0:00:08"]

1. d4 Nf6 2. Nf3 g6 3. Bf4 Bg7 4. e3 O-O 5. Be2 d6 6. h3 Nfd7 7. Nbd2 e5 8. Bg3 Nc6 9. c3 Kh8 10. O-O f5 11. Nc4 e4 12. Nfd2 Nf6 13. f3 exf3 14. Bxf3 Bd7 15. e4 fxe4 16. Nxe4 Nxe4 17. Bxe4 Qg5 18. Bxc6 Bxc6 19. Qg4 Qxg4 20. hxg4 Rxf1+ 21. Rxf1 Bb5 22. b3 d5 23. a4 Ba6 24. Rf7 dxc4 25. b4 c6 26. Bd6 Kg8 27. Rd7 Re8 28. Kf2 Bh6 29. Be5 Rf8+ 30. Ke2 Rf7 31. Rd8+ Bf8 32. g5 Re7 33. Kd2 Kf7 34. Bf6 Rc7 35. d5 cxd5 36. b5 Bxb5 37. axb5 Be7 38. Bxe7 Kxe7 39. Rxd5 Rd7 40. Rxd7+ Kxd7 41. Ke3 Kc7 42. Kd4 Kb6 43. Kxc4 a5 44. bxa6 bxa6 45. Kb4 a5+ 46. Ka4 Ka6 47. c4 Kb6 48. c5+ Kxc5 49. Kxa5 Kd5 50. Kb5 Ke5 51. Kc5 Kf5 52. Kd4 Kf4 53. Kd5 Kxg5 54. Ke4 Kg4 55. Ke3 Kg3 0-1


[Site "https://www.chess.com"]

[Event "Titled Tuesday Blitz December 06 Late 2022"]
[White "Sarana, Alexey"]
[Black "Kamsky, Gata"]
[WhiteFideId "24133795"]
[BlackFideId "2000024"]
[WhiteElo "2708"]
[BlackElo "2666"]
[Result "0-1"]
[Round "11"]
[TimeControl "180+1"]
[Date "2022.12.06"]
[WhiteClock "0:00:01"]
[BlackClock "0:00:07"]

1. d4 Nf6 2. c4 e6 3. Nc3 Bb4 4. e3 O-O 5. Bd3 d5 6. a3 Bxc3+ 7. bxc3 c6 8. f3 b6 9. cxd5 cxd5 10. e4 dxe4 11. fxe4 Nxe4 12. Nf3 Bb7 13. Qc2 f5 14. O-O Nd7 15. Bb2 Rc8 16. Rae1 Kh8 17. c4 Qe7 18. a4 Qb4 19. Ra1 Rfe8 20. Kh1 Qe7 21. Ba3 Qf6 22. Rae1 Qh6 23. Kg1 Qg6 24. Bb2 Ba6 25. Qb3 e5 26. Qb4 exd4 27. Nxd4 Ndc5 28. Bxe4 fxe4 29. Nf5 Rc7 30. Re3 Bc8 31. Rg3 Bxf5 32. Rxg6 Bxg6 33. Bd4 h6 34. Be3 Kh7 35. a5 Rc6 36. h4 Rd8 37. Qb5 Rdc8 38. axb6 axb6 39. Ra1 R8c7 40. Ra8 Rf6 41. Rb8 Nd7 42. Rd8 Nc5 43. Bd4 Rfc6 44. Rb8 Nd7 45. Rd8 Nc5 46. Kh2 Ne6 47. Rd5 Rxc4 48. Be3 Rc3 49. Qxb6 Bf7 50. Rf5 R3c6 51. Qb4 Bg6 52. Rf2 h5 53. Qb5 Rc3 54. Re2 Rd3 55. Qe5 Rc6 56. Re1 Rcd6 57. Re2 R3d5 58. Qg3 Nd4 59. Bxd4 Rxd4 60. Re3 Rd3 61. Qf4 Rxe3 62. Qxe3 Re6 63. Kg3 Bf5 64. Kf2 g6 65. Qa7+ Kg8 66. Ke3 Kf8 67. Qc7 Re7 68. Qd6 Kf7 69. Qd5+ Kg7 70. Qc5 Kf7 71. Qc4+ Kg7 72. Qc3+ Kf7 73. Qb2 Re8 74. Qd4 Re7 75. Qh8 Re8 76. Qh7+ Kf6 77. g3 Re7 78. Qg8 Rd7 79. Qf8+ Ke6 80. Kf4 Rd3 81. Qc8+ Kd5 82. Qb7+ Kd6 83. Qb6+ Kd5 84. Qb5+ Kd6 85. Qe5+ Kd7 86. Qb5+ Kd6 87. Qb6+ Kd5 88. Qa5+ Kd6 89. Qb4+ Kd5 90. Qb7+ Kd6 91. Qb8+ Kd5 92. Kg5 Rf3 93. Qb7+ Kd4 94. Qb6+ Kd3 95. Qg1 e3 96. Qd1+ Ke4 97. Qa4+ Kd3 98. Qd1+ Ke4 99. Qc2+ Kd4 100. Qa4+ Kc3 101. Qa3+ Kd2 102. Qb4+ Ke2 0-1


[Site "https://www.chess.com"]

[Event "Titled Tuesday Blitz December 06 Late 2022"]
[White "Savic, Miroslav"]
[Black "monkins"]
[WhiteFideId "14508494"]
[WhiteElo "2209"]
[BlackElo "2226"]
[Result "0-1"]
[Round "11"]
[TimeControl "180+1"]
[Date "2022.12.07"]
[WhiteClock "0:00:05"]
[BlackClock "0:00:30"]

1. Nf3 Nf6 2. c4 c5 3. Nc3 d5 4. cxd5 Nxd5 5. e4 Nxc3 6. bxc3 g6 7. Bb5+ Bd7 8. a4 Bg7 9. O-O a6 10. Bc4 O-O 11. h3 Nc6 12. Rb1 Na5 13. Bd5 Qc7 14. d4 e6 15. Ba2 b5 16. Ba3 Nb7 17. dxc5 Rfd8 18. Qe2 Nxc5 19. axb5 axb5 20. Bxc5 Qxc5 21. Bb3 Bxc3 22. Rfc1 b4 23. Ne1 Bb5 24. Qf3 Qe5 25. Nc2 Bd3 26. Qg4 Qxe4 27. Qg5 Qf5 28. Qh6 g5 0-1


[Site "https://www.chess.com"]

[Event "Titled Tuesday Blitz December 06 Late 2022"]
[White "Saya, Ethan"]
[Black "Shapiro, Daniel"]
[WhiteFideId "26095181"]
[BlackFideId "2001780"]
[WhiteElo "2178"]
[BlackElo "2329"]
[Result "0-1"]
[Round "11"]
[TimeControl "180+1"]
[Date "2022.12.07"]
[WhiteClock "0:00:32"]
[BlackClock "0:00:06"]

1. b3 e5 2. Bb2 d6 3. d4 e4 4. c4 c6 5. Nc3 Nf6 6. e3 d5 7. cxd5 cxd5 8. Rc1 a6 9. Nge2 Nc6 10. Nf4 Be7 11. Nh5 O-O 12. Nxf6+ Bxf6 13. Be2 g6 14. O-O Re8 15. a3 Bg5 16. b4 f5 17. Qb3 Be6 18. Na4 f4 19. exf4 Bxf4 20. Nc5 Bc8 21. Rc2 Ne7 22. Bc1 Qd6 23. Bxf4 Qxf4 24. Qe3 g5 25. Bh5 Rf8 26. Rfc1 Nf5 27. Qxf4 gxf4 28. Nb3 Be6 29. Bg4 Nxd4 30. Bxe6+ Nxe6 31. Nc5 Ng5 32. Nd7 Rf7 33. Ne5 Re7 34. Ng4 e3 35. fxe3 fxe3 36. Re1 d4 37. Rc5 Nf7 38. Rf5 Rd8 39. Nf6+ Kg7 40. Nd5 Re5 41. Rxe5 Nxe5 42. Nxe3 dxe3 43. Rxe3 Kf6 44. Rh3 Rd1+ 45. Kf2 Rd2+ 46. Ke1 Rxg2 47. Rxh7 b5 48. Rh6+ Ng6 49. Rh7 Ra2 50. h4 Rh2 51. h5 Ne5 52. Rh6+ Kf5 53. Rxa6 Rxh5 54. Ra5 Ke4 55. Kd2 Rh2+ 56. Kc3 Rh3+ 57. Kb2 Nc4+ 58. Ka2 Nxa5 59. bxa5 Kd4 60. a6 Kc5 61. a7 Rh8 62. a4 Ra8 63. axb5 Rxa7+ 64. Kb3 Kxb5 65. Kc3 Ra3+ 66. Kd4 Rb3 67. Ke4 Rc3 68. Kd4 Kb4 69. Kd5 Rc8 70. Ke4 Kc4 71. Ke5 Rc6 72. Ke4 Re6+ 73. Kf5 Kd5 74. Kf4 Kd4 75. Kf3 Re4 76. Kf2 Re3 77. Kg2 Ke4 78. Kf2 Kf4 79. Kg2 Re2+ 80. Kh3 Rf2 81. Kh4 Rh2# 0-1


[Site "https://www.chess.com"]

[Event "Titled Tuesday Blitz December 06 Late 2022"]
[White "Shohat, Yotam"]
[Black "Mazurkiewicz, Michal"]
[WhiteFideId "2813955"]
[BlackFideId "1124943"]
[WhiteElo "2216"]
[BlackElo "2081"]
[Result "1-0"]
[Round "11"]
[TimeControl "180+1"]
[Date "2022.12.06"]
[WhiteClock "0:01:22"]
[BlackClock "0:00:20"]

1. f4 Nf6 2. Nf3 g6 3. Nc3 Bg7 4. e4 d6 5. d4 O-O 6. e5 Nfd7 7. h4 c5 8. h5 cxd4 9. hxg6 dxc3 10. gxf7+ Rxf7 11. Bc4 Nf8 12. Ng5 e6 13. Nxf7 Kxf7 14. f5 d5 15. Qh5+ Kg8 16. f6 Bxf6 17. exf6 Qxf6 18. Bd3 cxb2 19. Bxh7+ Kg7 20. Bxb2 Qxb2 21. Qh6+ Kf7 22. O-O+ Ke7 23. Qxf8+ Kd7 24. Rf7+ Kc6 25. Qxc8+ Kd6 26. Qc7# 1-0


[Site "https://www.chess.com"]

[Event "Titled Tuesday Blitz December 06 Late 2022"]
[White "Stanisz, Patryk"]
[Black "Liu, Kelsey"]
[WhiteFideId "1123106"]
[BlackFideId "30944481"]
[WhiteElo "2069"]
[BlackElo "2256"]
[Result "0-1"]
[Round "11"]
[TimeControl "180+1"]
[Date "2022.12.07"]
[WhiteClock "0:00:01"]
[BlackClock "0:00:18"]

1. d4 Nf6 2. c4 e6 3. Nc3 Bb4 4. e3 O-O 5. Ne2 d5 6. a3 Be7 7. Nf4 dxc4 8. Bxc4 c5 9. dxc5 Qxd1+ 10. Kxd1 Bxc5 11. b4 Bd6 12. Bb2 Nc6 13. Ke2 Nd4+ 14. Kd3 e5 15. Nfd5 Bf5+ 16. e4 Bg6 17. Nxf6+ gxf6 18. g4 Rfd8 19. Nd5 Kg7 20. Bxd4 exd4 21. f4 h6 22. Rae1 a6 23. f5 Bh7 24. Kxd4 b5 25. Bb3 a5 26. Kd3 axb4 27. axb4 Ra3 28. Rb1 Bxb4 29. Rhc1 h5 30. h3 hxg4 31. hxg4 Bd6 32. Ke2 Be5 33. Rc6 Rd6 34. Rxd6 Bxd6 35. Kd3 Kh6 36. Nxf6 Be5 37. Nxh7 Kxh7 0-1


[Site "https://www.chess.com"]

[Event "Titled Tuesday Blitz December 06 Late 2022"]
[White "Sukandar, Irine Kharisma"]
[Black "Sanchez, Robert"]
[WhiteFideId "7101937"]
[BlackFideId "2034360"]
[WhiteElo "2301"]
[BlackElo "2321"]
[Result "0-1"]
[Round "11"]
[TimeControl "180+1"]
[Date "2022.12.07"]
[WhiteClock "0:00:07"]
[BlackClock "0:00:03"]

1. e4 d5 2. exd5 Qxd5 3. Nc3 Qe6+ 4. Be2 Qg6 5. Bf3 Nc6 6. Nge2 e5 7. Nb5 Bd6 8. Nxd6+ cxd6 9. d3 Bd7 10. Nc3 Nge7 11. Nb5 O-O-O 12. Be3 a6 13. Na7+ Nxa7 14. Bxa7 Nc6 15. Bb6 Rde8 16. Qd2 f5 17. O-O-O Qe6 18. Kb1 Ne7 19. Qc3+ Bc6 20. Bxc6 Nxc6 21. d4 exd4 22. Rxd4 Kb8 23. Rdd1 Rc8 24. Qd2 Ne5 25. Rhe1 Qf6 26. Bd4 Rhe8 27. b3 Qg6 28. f4 Nc6 29. Bg1 Rxe1 30. Rxe1 d5 31. Qxd5 Nb4 32. Qd4 Nxc2 33. Qa7+ Kc7 34. Re7+ Kd8 35. Qxb7 Na3+ 36. Kb2 Rc2+ 37. Kxa3 Qd6+ 38. b4 Qd3+ 39. Ka4 Rxa2# 0-1


[Site "https://www.chess.com"]

[Event "Titled Tuesday Blitz December 06 Late 2022"]
[White "Tomaszewski, Kacper"]
[Black "Kim, Sergey"]
[WhiteFideId "1127373"]
[BlackFideId "13700570"]
[WhiteElo "2211"]
[BlackElo "2578"]
[Result "0-1"]
[Round "11"]
[TimeControl "180+1"]
[Date "2022.12.07"]
[WhiteClock "0:00:02"]
[BlackClock "0:00:39"]

1. Nf3 Nf6 2. c4 g6 3. Nc3 Bg7 4. e4 d6 5. d4 O-O 6. Be2 e5 7. dxe5 dxe5 8. Qxd8 Rxd8 9. Bg5 c6 10. Nxe5 Na6 11. Nd3 Re8 12. f3 Be6 13. Nf4 Bc8 14. Nd3 Be6 15. Nf4 Bc8 16. O-O-O h6 17. Bxf6 Bxf6 18. Kc2 Nc5 19. b4 Nd7 20. Nd3 a5 21. b5 Ne5 22. Nxe5 Bxe5 23. b6 a4 24. g3 g5 25. h4 Kg7 26. hxg5 hxg5 27. Rh5 Kf6 28. f4 gxf4 29. Rf1 Kg6 30. gxf4 Bxc3 31. Kxc3 Rxe4 32. Rh8 Rxe2 33. Rd1 Rxa2 34. Rdd8 Ra6 35. Rxc8 Rxb6 36. Kd4 Rb1 37. Ke5 Re1+ 38. Kd6 Kf5 39. Kc7 Rb2 40. Rcf8 f6 41. Rh6 Re6 42. Ra8 b5 43. cxb5 cxb5 44. Ra5 Kxf4 45. Rh5 f5 46. Kd7 Re5 47. Kd6 Rd2+ 48. Kc6 Rde2 49. Rxb5 Rxb5 50. Kxb5 a3 51. Rh4+ Kg3 52. Ra4 a2 53. Ra3+ Kg4 54. Kc4 f4 55. Kd4 f3 56. Ra8 Kg3 57. Rg8+ Kf2 58. Ra8 Kf1 59. Kd3 f2 60. Rh8 Rb2 61. Rh1+ Kg2 62. Ra1 f1=Q+ 63. Rxf1 Kxf1 0-1


[Site "https://www.chess.com"]

[Event "Titled Tuesday Blitz December 06 Late 2022"]
[White "Toncheva, Nadya"]
[Black "Mendez Fortes, Eduardo Jesus"]
[WhiteFideId "2924056"]
[BlackFideId "3502376"]
[WhiteElo "2101"]
[BlackElo "2307"]
[Result "1-0"]
[Round "11"]
[TimeControl "180+1"]
[Date "2022.12.06"]
[WhiteClock "0:00:07"]
[BlackClock "0:00:06"]

1. d4 Nf6 2. c4 e6 3. Nc3 Bb4 4. e3 O-O 5. Bd3 c5 6. Ne2 b6 7. a3 Bxc3+ 8. Nxc3 Bb7 9. O-O d6 10. d5 exd5 11. cxd5 h6 12. e4 Re8 13. Bf4 c4 14. Bc2 Na6 15. Qd4 Nc5 16. f3 Nh5 17. Be3 Rc8 18. g4 Nf6 19. Bf4 Qe7 20. Rae1 Nfd7 21. Nb5 Ne5 22. Nxa7 Rcd8 23. Bxe5 dxe5 24. Qxc4 Ba6 25. Nb5 Rc8 26. Qe2 Qd7 27. a4 Nb7 28. Rc1 Rc5 29. Bd3 Rec8 30. Qe3 Bxb5 31. Bxb5 Qe7 32. Bc6 Nd8 33. Rxc5 bxc5 34. Bb5 Qd6 35. Rc1 Rc7 36. Qc3 Qb6 37. Kg2 f6 38. b4 Nb7 39. bxc5 Nxc5 40. Qa3 Kh7 41. Kg3 Nxe4+ 42. fxe4 Ra7 43. Qc5 Qa5 44. Qc3 Qb6 45. Kg2 Ra8 46. Be2 Rxa4 47. Bd3 Ra2+ 48. Rc2 Ra4 49. Rb2 Qe3 50. Qd2 Qd4 51. Qe2 Ra3 52. Rd2 Qc5 53. Bc2 Ra1 54. Bd1 Ra3 55. Rc2 Qd4 56. Rd2 Qc5 57. d6 Ra8 58. d7 Rd8 59. Qd3 Qc7 60. Ba4 Qb7 61. Qd5 Qb4 62. Bc6 Qc3 63. Qd3 Qc5 64. Bb5 Qb6 65. Rc2 Qb8 66. Qd5 Qa7 67. Rc8 Rxd7 68. Bxd7 Qe3 69. Rc2 Qf4 70. Bf5+ g6 71. Qf7+ Kh8 72. Rc8# 1-0


[Site "https://www.chess.com"]

[Event "Titled Tuesday Blitz December 06 Late 2022"]
[White "Torres Dominguez, David"]
[Black "Clawitter, Craig"]
[WhiteFideId "2220857"]
[BlackFideId "2023105"]
[WhiteElo "2037"]
[BlackElo "2192"]
[Result "1/2-1/2"]
[Round "11"]
[TimeControl "180+1"]
[Date "2022.12.07"]
[WhiteClock "0:00:07"]
[BlackClock "0:00:03"]

1. e4 e6 2. d4 d5 3. exd5 exd5 4. Bd3 Bd6 5. Qf3 Nc6 6. c3 Nf6 7. Bf4 Bg4 8. Qe3+ Kf8 9. Bxd6+ Qxd6 10. Ne2 Re8 11. Qd2 Ne4 12. Bxe4 Bxe2 13. Kxe2 Rxe4+ 14. Kf1 Ne7 15. f3 Re6 16. Na3 c6 17. Nc2 h5 18. Re1 Rhh6 19. Kf2 Rxe1 20. Nxe1 h4 21. Nd3 Nf5 22. Qf4 Qxf4 23. Nxf4 g5 24. Nd3 b6 25. Re1 Nd6 26. Ne5 Nc4 27. b3 Nxe5 28. Rxe5 f6 29. Re6 Kf7 30. Rxc6 Rh8 31. Rc7+ Kg6 32. c4 dxc4 33. bxc4 Rd8 34. d5 b5 35. cxb5 Rxd5 36. Rxa7 Rxb5 37. g3 Rb2+ 38. Kg1 hxg3 39. Ra8 Kf5 40. hxg3 Kg6 41. Ra5 Kh6 42. Kh1 Kg6 43. Kg1 Kf7 44. Ra6 Ke7 45. Ra5 Kf7 46. Ra6 Kg6 47. Ra5 1/2-1/2


[Site "https://www.chess.com"]

[Event "Titled Tuesday Blitz December 06 Late 2022"]
[White "Vlassov, Nikolai"]
[Black "O`Gorman, Tom"]
[WhiteFideId "4103360"]
[BlackFideId "2508249"]
[WhiteElo "2324"]
[BlackElo "2271"]
[Result "1-0"]
[Round "11"]
[TimeControl "180+1"]
[Date "2022.12.06"]
[WhiteClock "0:00:09"]
[BlackClock "0:00:06"]

1. e4 c5 2. c3 Nf6 3. e5 Nd5 4. d4 e6 5. c4 Nb6 6. dxc5 Bxc5 7. Qg4 Bf8 8. Nf3 Nc6 9. Nc3 f5 10. exf6 Qxf6 11. Bg5 Qf7 12. O-O-O Bb4 13. Ne4 d5 14. Ng3 e5 15. Qh4 dxc4 16. Ne4 Bf5 17. a3 Bf8 18. Be3 Qg6 19. Ng3 c3 20. Nxf5 cxb2+ 21. Kxb2 Qxf5 22. Bd3 Qf7 23. Ng5 Qe7 24. Qh5+ Kd8 25. Bf5+ Kc7 26. Ne6+ Kb8 27. Bc5 Qxc5 28. Nxc5 Bxc5 29. Qg5 Bd4+ 30. Rxd4 Nxd4 31. Qxg7 Re8 32. Be4 Nc6 33. Bxc6 bxc6 34. Rc1 c5 35. Ka2 Rc8 36. Qxe5+ Kb7 37. Rxc5 Rxc5 38. Qxc5 Rc8 39. Qe7+ Rc7 40. Qe4+ Ka6 41. f4 Rc4 42. Qd3 Ka5 43. f5 Ra4 44. f6 Rc4 45. f7 Rc8 46. Qf5+ Ka6 47. Qxc8+ Nxc8 48. f8=Q 1-0


[Site "https://www.chess.com"]